 Dungeon Crawl Stone Soup version 0.22.0-21-g8bd1b0a (webtiles) character file.

498 NormalPerson7T the Charmwright (level 7, -3/56 HPs)
             Began as a Gnoll Skald on Aug 19, 2018.
             Was a Follower of Cheibriados.
             Slain by a sky beast (6 damage)
             ... on level 5 of the Dungeon.
             The game lasted 00:12:11 (1641 turns).

NormalPerson7T the Charmwright (Gnoll Skald)        Turns: 1641, Time: 00:12:12

Health: -3/56      AC:  3    Str: 16    XL:     7   Next: 16%
Magic:  2/15       EV: 15    Int: 20    God:    Cheibriados [*.....]
Gold:   137        SH:  0    Dex: 18    Spells: 8/17 levels left

rFire    . . .     SeeInvis .   l - +0 trident
rCold    . . .     Gourm    .   (no shield)
rNeg     . . .     Faith    .   b - +0 leather armour
rPois    .         Spirit   .   (no helmet)
rElec    .         Reflect  .   (no cloak)
rCorr    .         Harm     .   (no gloves)
MR       .....                  (no boots)
Stlth    ++........             (no amulet)
HPRegen  0.18/turn              (no ring)
MPRegen  0.14/turn              (no ring)

@: very slow
A: distributed training, fangs 1, strong nose
a: Bend Time, Renounce Religion


You were on level 5 of the Dungeon.
You worshipped Cheibriados.
Cheibriados was aware of your devotion.
You were not hungry.

You visited 1 branch of the dungeon, and saw 5 of its levels.
You also visited: Ossuary.

You collected 137 gold pieces.

Inventory:

Hand Weapons
 a - a +0 spear
 l - a +0 trident (weapon)
Armour
 b - a +0 leather armour (worn)
 h - a +2 ring mail of fire resistance
Wands
 m - a wand of iceblast (8)
Scrolls
 c - a scroll of noise {unknown}
 e - 3 scrolls of identify {unknown}
 g - a scroll of fog {unknown}
 i - a scroll of blinking {unknown}
 j - a scroll of immolation {unknown}
 k - a scroll of remove curse {unknown}
 t - 2 scrolls of teleportation
Potions
 n - a potion of curing {unknown}
Comestibles
 d - 5 rations
 f - 8 chunks of flesh


   Skills:
 + Level 5.1 Fighting
 + Level 2.2 Short Blades
 + Level 2.2 Long Blades
 + Level 2.2 Axes
 + Level 2.2 Maces & Flails
 + Level 5.1 Polearms
 + Level 2.2 Staves
 + Level 2.2 Slings
 + Level 2.2 Bows
 + Level 2.2 Crossbows
 + Level 2.2 Throwing
 + Level 3.4 Armour
 + Level 5.1 Dodging
 + Level 2.2 Stealth
 + Level 2.2 Shields
 + Level 2.2 Unarmed Combat
 + Level 5.5 Spellcasting
 + Level 1.8 Conjurations
 + Level 1.8 Hexes
 + Level 5.7 Charms
 + Level 1.8 Summonings
 + Level 1.8 Necromancy
 + Level 1.8 Translocations
 + Level 1.8 Transmutations
 + Level 1.8 Fire Magic
 + Level 1.8 Ice Magic
 + Level 1.8 Air Magic
 + Level 1.8 Earth Magic
 + Level 1.8 Poison Magic
 + Level 2.5 Invocations
 + Level 2.2 Evocations


You had 8 spell levels left.
You knew the following spells:

 Your Spells              Type           Power        Failure   Level  Hunger
a - Infusion              Chrm           ####         1%          1    None
r - Regeneration          Chrm/Necr      ###.......   9%          3    ##.....
s - Spectral Weapon       Hex/Chrm       ###.....     9%          3    ##.....
x - Shroud of Golubria    Chrm/Tloc      ###.......   4%          2    None

Your spell library contained the following spells:

 Spells                   Type           Power        Failure   Level  Hunger
 Song of Slaying          Chrm           ####....     1%          2    None


Dungeon Overview and Level Annotations

Branches:
Dungeon (5/15)             Temple (0/1) D:4

Altars:
Ashenzari
Cheibriados
Fedhas
Kikubaaqudgha
Trog
Vehumet
Yredelemnul

Annotations:
D:4 3 runed doors, Gorice's ghost, novice HuWn; Grinder; Verendum's ghost, amateur HaCj


Innate Abilities, Weirdness & Mutations

Your experience applies equally to all skills.
You have very sharp teeth.
Your uncanny sense of smell can sniff out nearby items.


Message History

The sky beast is heavily wounded.
Your spectral weapon hits the sky beast from afar.
You barely miss the sky beast.
The sky beast is severely wounded.
Your spectral weapon hits the sky beast from afar.
The sky beast flickers out of sight!
Deactivating autopickup; reactivate with Ctrl-A.
Something hits you. Something shocks you.
You closely miss something. Something hits you. Something shocks you.
* * * LOW HITPOINT WARNING * * *
You hit something. Something hits you but does no damage.
You miss something. You miss something. Something hits you.
* * * LOW HITPOINT WARNING * * *
Something shocks you.
* * * LOW HITPOINT WARNING * * *
You barely miss something. Your bite misses something. Something hits you.
* * * LOW HITPOINT WARNING * * *
Something shocks you.
You die...

#.g## #####..#####
##..###..........#####
#..#................#
##....รท.............#
#......<.....(......#
#.......[...........#
#....................#
..##..................#
.# #...........(@.....#
. ##............{....#
#..[............###
##...........#..##
##.......#####..######
#..###### ###.....# ###
#..###... ..## #..#


You could see a friendly spectral trident.

Vanquished Creatures
  An ogre (D:5)
  A gnoll sergeant (D:5)
  A howler monkey (D:4)
  2 orc priests (D:4)
  A centaur skeleton (D:4)
  An orc wizard (D:4)
  A worker ant (D:3)
  5 gnolls
  6 adders
  2 oozes (D:1)
  An adder skeleton (D:5)
  A worm (D:3)
  2 dart slugs (D:3)
  2 leopard geckos
  16 orcs
  A giant cockroach (D:1)
  A hobgoblin (D:3)
  6 jackals
  A kobold (D:2)
  2 quokkas
  2 bats (D:3)
  2 frilled lizards
  A leopard gecko skeleton (D:5)
  7 rats
66 creatures vanquished.

Vanquished Creatures (others)
  A wizard (D:4)
1 creature vanquished.

Grand Total: 67 creatures vanquished

Notes
Turn   | Place    | Note
-------+----------+-------------------------------------------
     0 | D:1      | NormalPerson7T the Gnoll Skald began the quest for the Orb.
     0 | D:1      | Reached XP level 1. HP: 20/20 MP: 6/6
    22 | D:1      | Reached XP level 2. HP: 26/26 MP: 3/7
    88 | D:1      | Learned a level 2 spell: Shroud of Golubria
   134 | D:2      | Reached XP level 3. HP: 31/31 MP: 7/9
   159 | D:2      | Reached skill level 5 in Spellcasting
   165 | D:2      | Reached skill level 1 in Invocations
   170 | D:2      | Learned a level 3 spell: Regeneration
   174 | D:2      | Learned a level 3 spell: Spectral Weapon
   313 | D:3      | Reached skill level 1 in Short Blades
   313 | D:3      | Reached skill level 1 in Long Blades
   313 | D:3      | Reached skill level 1 in Axes
   313 | D:3      | Reached skill level 1 in Maces & Flails
   313 | D:3      | Reached skill level 1 in Staves
   313 | D:3      | Reached skill level 1 in Slings
   313 | D:3      | Reached skill level 1 in Bows
   313 | D:3      | Reached skill level 1 in Crossbows
   313 | D:3      | Reached skill level 1 in Throwing
   313 | D:3      | Reached skill level 1 in Stealth
   313 | D:3      | Reached skill level 1 in Shields
   313 | D:3      | Reached skill level 1 in Unarmed Combat
   313 | D:3      | Reached skill level 1 in Evocations
   313 | D:3      | Reached XP level 4. HP: 7/38 MP: 7/11
   557 | D:3      | Found a snail-covered altar of Cheibriados.
   566 | D:3      | Became a worshipper of Cheibriados the Contemplative
   619 | D:4      | Found an ancient bone altar of Kikubaaqudgha.
   681 | D:3      | Found a radiant altar of Vehumet.
   766 | D:4      | Found a runed gate.
   780 | D:4      | Reached skill level 1 in Conjurations
   780 | D:4      | Reached skill level 1 in Hexes
   780 | D:4      | Reached skill level 1 in Summonings
   780 | D:4      | Reached skill level 1 in Necromancy
   780 | D:4      | Reached skill level 1 in Translocations
   780 | D:4      | Reached skill level 1 in Transmutations
   780 | D:4      | Reached skill level 1 in Fire Magic
   780 | D:4      | Reached skill level 1 in Ice Magic
   780 | D:4      | Reached skill level 1 in Air Magic
   780 | D:4      | Reached skill level 1 in Earth Magic
   780 | D:4      | Reached skill level 1 in Poison Magic
   787 | D:4      | Found a sand-covered staircase.
   808 | Ossuary  | Entered an ossuary
   905 | D:4      | Reached XP level 5. HP: 28/43 MP: 4/12
  1046 | D:4      | Found a runed gate.
  1047 | D:4      | Found a runed gate.
  1049 | D:4      | Noticed Gorice's ghost (novice HuWn)
  1053 | D:4      | Noticed Verendum's ghost (amateur HaCj)
  1095 | D:4      | Reached XP level 6. HP: 47/50 MP: 10/13
  1128 | D:4      | Reached * piety under Cheibriados
  1131 | D:4      | Found a staircase to the Ecumenical Temple.
  1135 | D:4      | Noticed Grinder
  1141 | D:4      | Noticed a phantom
  1147 | D:4      | Paralysed by Grinder for 4 turns
  1155 | D:4      | HP: 1/50 [Grinder/nerve-wracking pain (8)]
  1162 | D:3      | Found a shattered altar of Ashenzari.
  1162 | D:3      | Found a basalt altar of Yredelemnul.
  1162 | D:3      | Found a blossoming altar of Fedhas.
  1232 | D:4      | Found a bloodstained altar of Trog.
  1234 | D:4      | Noticed a wizard
  1239 | D:4      | Killed a wizard
  1244 | D:5      | Entered Level 5 of the Dungeon
  1296 | D:5      | Reached skill level 5 in Fighting
  1296 | D:5      | Reached skill level 5 in Polearms
  1296 | D:5      | Reached skill level 5 in Dodging
  1533 | D:4      | Reached XP level 7. HP: 26/56 MP: 5/15
  1641 | D:5      | Slain by a sky beast

Skill      XL: |  1  2  3  4  5  6 |
---------------+-------------------+-----
Spellcasting   | 5 |  5.5
Invocations    | 1 2 |  2.5
Short Blades   | 1 2 |  2.2
Long Blades    | 1 2 |  2.2
Axes           | 1 2 |  2.2
Maces & Flails | 1 2 |  2.2
Staves         | 1 2 |  2.2
Slings         | 1 2 |  2.2
Bows           | 1 2 |  2.2
Crossbows      | 1 2 |  2.2
Throwing       | 1 2 |  2.2
Stealth        | 1 2 |  2.2
Shields        | 1 2 |  2.2
Unarmed Combat | 1 2 |  2.2
Evocations     | 1 2 |  2.2
Conjurations   | 1 |  1.8
Hexes          | 1 |  1.8
Summonings     | 1 |  1.8
Necromancy     | 1 |  1.8
Translocations | 1 |  1.8
Transmutations | 1 |  1.8
Fire Magic     | 1 |  1.8
Ice Magic      | 1 |  1.8
Air Magic      | 1 |  1.8
Earth Magic    | 1 |  1.8
Poison Magic   | 1 |  1.8
Armour         | 3 |  3.4
Fighting       | 5 |  5.1
Polearms       | 5 |  5.1
Dodging        | 5 |  5.1
Charms         | |  5.7

Action                   |  1- 3 |  4- 6 |  7- 9 || total
-------------------------+-------+-------+-------++-------
Melee: Spear             |    58 |   173 |    11 ||   242
       Bite              |     7 |    20 |     4 ||    31
       Trident           |       |       |    11 ||    11
 Cast: Infusion          |     2 |       |       ||     2
       Shroud of Golubri |     1 |     4 |       ||     5
       Spectral Weapon   |     1 |    18 |     2 ||    21
       Regeneration      |       |    13 |     3 ||    16
Invok: Bend Time         |       |     3 |     1 ||     4
  Use: Potion            |     1 |       |       ||     1
       Scroll            |       |     2 |       ||     2
 Stab: Sleeping          |     1 |     2 |       ||     3
  Eat: Chunk             |       |     2 |       ||     2
       Ration            |       |     1 |       ||     1
Armor: Leather armour    |     7 |    18 |     3 ||    28
Dodge: Dodged            |    37 |   102 |    13 ||   152
